 Dungeon Crawl Stone Soup version 0.22.0 (webtiles) character file.

8816 BigChef the Carver (level 11, -2/102 HPs)
             Began as a Demonspawn Chaos Knight on Sept 3, 2018.
             Slain by a killer bee (4 damage)
             ... on level 10 of the Dungeon.
             The game lasted 00:29:35 (8925 turns).

BigChef the Carver (Demonspawn Chaos Knight)        Turns: 8925, Time: 00:29:35

Health: -2/102     AC: 25    Str: 16    XL:     11   Next: 14%
Magic:  12/12      EV:  2    Int: 20    God:    Xom [*.....]
Gold:   271        SH:  3    Dex: 13    Spells: 10/10 levels left

rFire    . . .     SeeInvis .   m - +1 falchion
rCold    . . .     Gourm    .   (no shield)
rNeg     + + +     Faith    .   (armour currently unavailable)
rPois    +         Spirit   .   (helmet currently unavailable)
rElec    .         Reflect  +   (cloak currently unavailable)
rCorr    .         Harm     .   (gloves currently unavailable)
MR       .....     NoTele   +   (boots unavailable)
Stlth    +++.......             A - +3 amulet of reflection
HPRegen  0.27/turn              (no ring)
MPRegen  0.13/turn              (no ring)

@: brilliant, lethally poisoned (-2 -> -3), tree-form
A: clever 1, frail 2, high mp 1, freezing cloud immunity
a: Renounce Religion


You were on level 10 of the Dungeon.
You worshipped Xom.
You were a special plaything of Xom.
You were not hungry.
You were a tree.
You visited 1 branch of the dungeon, and saw 10 of its levels.

You collected 637 gold pieces.
You spent 366 gold pieces at shops.

Inventory:

Hand Weapons
 f - a +2 rapier of electrocution
 m - a +1 falchion (weapon)
Armour
 b - a +2 leather armour
 l - a +2 cloak
 s - a +2 helmet (melded)
 t - a +2 pair of boots
 x - the +2 leather armour of the Failed Coup (melded) {rPois rF+ Regen+ Stlth+}
   (You found it on level 5 of the Dungeon)

   It protects you from fire.
   It protects you from poison.
   It increases your rate of regeneration.
   It makes you more stealthy.
 z - a scarf of repulsion (melded)
 E - a +1 helmet
Jewellery
 a - an uncursed amulet of harm
 o - an uncursed ring of fire
 A - a +3 amulet of reflection (around neck)
Wands
 e - a wand of acid (2)
 u - a wand of clouds (2)
 y - a wand of digging (17)
Scrolls
 d - 3 scrolls of enchant armour
 g - 3 scrolls of teleportation
 h - 6 scrolls of remove curse
 i - a scroll of identify
 n - 4 scrolls of magic mapping
 p - a scroll of amnesia
Potions
 k - a potion of flight
 q - a potion of degeneration
Comestibles
 c - 13 rations


   Skills:
 + Level 7.8 Fighting
 * Level 12.5 Long Blades
 + Level 5.7 Armour
 - Level 0.8 Dodging
 + Level 5.8 Stealth
 + Level 0.1 Evocations


You had 10 spell levels left.
You didn't know any spells.
Your spell library contained the following spells:

 Spells                   Type           Power        Failure   Level  Hunger
 Mephitic Cloud           Conj/Pois/Air  ##......     7%          3    ####...
 Venom Bolt               Conj/Pois      ##........   43%         5    ######.
 Olgreb's Toxic Radiance  Pois           ##......     19%         4    #####..
 Sting                    Conj/Pois      ##..         2%          1    ##.....
 Poisonous Vapours        Pois/Air       ##....       3%          2    ###....


Dungeon Overview and Level Annotations

Branches:
Dungeon (10/15)            Temple (0/1) D:4            Lair (0/6) D:9
    Orc: D:9-12

Altars:
Ashenzari
Cheibriados
Dithmenos
Fedhas
Gozag
Kikubaaqudgha
Makhleb
Nemelex Xobeh
Okawaru
Qazlal
Ru
Sif Muna
Uskayaw
Wu Jian
Xom

Shops:
D:5 =   D:7 ?   D:9 :([}


Innate Abilities, Weirdness & Mutations

((You have claws for feet.))
((You are partially covered in thin metallic scales. (AC +2)))
((Your flesh is cold resistant. (rC+)))
((You are mostly covered in sharp spines.))
You are immune to freezing clouds.
Your mind is acute. (Int +2)
((Armour fits poorly on your strangely shaped body.))
((Your flesh is heat resistant. (rF+)))
You are very frail. (-20% HP)
You have an increased reservoir of magic. (+10% MP)


Message History

The killer bee is engulfed in noxious fumes.
The killer bee appears confused.
The killer bee misses the killer bee.
The killer bee is engulfed in noxious fumes.
The killer bee appears confused.
The killer bee stings you but does no damage.
The killer bee is engulfed in noxious fumes.
The killer bee appears confused.
Aiming: Cloud Cone
Press: ? - help, Dir - move target cursor, f - killer bee, p - killer bee
Aim: a killer bee (confused)
You create a blast of poison gas!
The killer bee is engulfed in noxious fumes.
The killer bee is engulfed in poison gas.
The killer bee is poisoned.
The killer bee closely misses the killer bee.
The killer bee is engulfed in poison gas.
The killer bee is poisoned.
The killer bee is engulfed in poison gas.
The killer bee is poisoned.
The killer bee stings you.
You die...

..................(##...
........................
......................
#...................
#§.y.# ##..####.. #§§.§#
#. #.. #y§.§# #.. #§§§§#
#.. #.y♣y# #<÷ ######
###


You could see 4 killer bees.

Vanquished Creatures
  2 two-headed ogres (D:8)
  Pikel (D:9)
  A troll (D:9)
  2 hippogriffs
  5 yaks
  A human (D:7)
  Eustachio (D:6)
  4 hogs (D:7)
  A steam dragon (D:7)
  Menkaure (D:4)
  Edmund (D:4)
  3 orc warriors
  4 ice beasts
  A black bear (D:6)
  A sky beast (D:5)
  A phantom (D:7)
  A necrophage (D:9)
  2 wolves (D:9)
  3 ogres
  5 centaurs
  A crocodile (D:7)
  A big kobold (D:7)
  2 bullfrogs
  A water moccasin zombie (D:9)
  A water moccasin skeleton (D:7)
  2 scorpions (D:8)
  7 killer bees
  A howler monkey (D:6)
  A bullfrog zombie (D:7)
  5 crimson imps
  9 hounds
  3 jellies
  Crazy Yiuf (D:4)
  A centaur skeleton (D:4)
  3 orc priests
  12 orc wizards
  5 iguanas
  7 worker ants
  A howler monkey zombie (D:9)
  A worker ant zombie (D:6)
  8 gnolls
  A howler monkey skeleton (D:5)
  11 adders
  3 shadow imps (D:8)
  2 oozes
  2 adder skeletons
  An adder zombie (D:9)
  3 worms
  4 leopard geckos
  31 orcs
  2 ball pythons
  2 giant cockroaches
  4 goblins
  7 hobgoblins
  13 jackals
  4 quokkas
  7 bats
  2 frilled lizards
  5 kobolds
  A leopard gecko zombie (D:5)
  A quokka skeleton (D:4)
  8 rats
228 creatures vanquished.

Vanquished Creatures (collateral kills)
  An ogre (D:5)
  A crimson imp (D:5)
  An orc priest (D:5)
  An adder (D:5)
4 creatures vanquished.

Vanquished Creatures (others)
  Joseph (D:9)
  A slave (D:9)
2 creatures vanquished.

Grand Total: 234 creatures vanquished

Notes
Turn   | Place    | Note
-------+----------+-------------------------------------------
     0 | D:1      | BigChef the Demonspawn Chaos Knight began the quest for the Orb.
     0 | D:1      | Reached XP level 1. HP: 18/18 MP: 1/1
    84 | D:1      | XOM: potion effect (experience)
    84 | D:1      | Reached skill level 4 in Long Blades
    84 | D:1      | Reached skill level 5 in Armour
    84 | D:1      | Gained mutation: Your flesh is cold resistant. (rC+) [demonic ancestry]
    84 | D:1      | Reached XP level 2. HP: 26/26 MP: 2/2
   406 | D:1      | XOM: divination: detect items
   441 | D:1      | Found a sparkling altar of Nemelex Xobeh.
   633 | D:1      | XOM: silly message
   739 | D:1      | Gained mutation: You are partially covered in thin metallic scales. (AC +2) [demonic ancestry]
   739 | D:1      | Reached XP level 3. HP: 28/31 MP: 3/3
   987 | D:2      | Found a blossoming altar of Fedhas.
  1126 | D:2      | Found an ancient bone altar of Kikubaaqudgha.
  1128 | D:2      | Found a burning altar of Makhleb.
  1128 | D:2      | Found a shimmering altar of Xom.
  1130 | D:2      | Found a glowing silver altar of Zin.
  1130 | D:2      | Found a stormy altar of Qazlal.
  1130 | D:2      | Found an ornate altar of the Wu Jian Council.
  1249 | D:2      | Found a deep blue altar of Sif Muna.
  1458 | D:2      | XOM: fog
  1654 | D:2      | Gained mutation: You are partially covered in sharp spines. [demonic ancestry]
  1654 | D:2      | Reached XP level 4. HP: 24/38 MP: 4/4
  1759 | D:2      | XOM: god gift: 57 gold pieces
  2283 | D:3      | XOM: 3-stop teleportation journey
  2347 | D:3      | XOM: cloud trail
  2478 | D:3      | XOM: give mutation
  2478 | D:3      | Gained mutation: You have an increased reservoir of magic. (+10% MP) [Xom's grace]
  2582 | D:4      | Reached XP level 5. HP: 40/43 MP: 5/5
  2597 | D:4      | XOM: give mutations
  2597 | D:4      | Gained mutation: Your body sometimes deteriorates upon taking damage. [Xom's mischief]
  2597 | D:4      | Gained mutation: You are weak. (Str -2) [Xom's mischief]
  2597 | D:4      | Gained mutation: You have sharp toenails. [Xom's mischief]
  2613 | D:4      | Noticed Menkaure
  2617 | D:4      | XOM: summons friendly crimson imp
  2624 | D:4      | Lost mutation: Your body sometimes deteriorates upon taking damage. [potion of mutation]
  2624 | D:4      | Lost mutation: You are weak. (Str -2) [potion of mutation]
  2624 | D:4      | Gained mutation: Potions are less effective at restoring your health. [potion of mutation]
  2624 | D:4      | Gained mutation: You are dopey. (Int -2) [potion of mutation]
  2624 | D:4      | Gained mutation: You have supernaturally acute eyesight. (SInv) [potion of mutation]
  2628 | D:4      | XOM: harmless Fire miscast
  2632 | D:4      | Killed Menkaure
  2632 | D:4      | Reached skill level 5 in Fighting
  2632 | D:4      | Reached skill level 5 in Long Blades
  2659 | D:4      | Found a snail-covered altar of Cheibriados.
  2690 | D:4      | Gained mutation: You are immune to freezing clouds. [demonic ancestry]
  2690 | D:4      | Reached XP level 6. HP: 43/51 MP: 6/6
  2734 | D:4      | Found a shattered altar of Ashenzari.
  2746 | D:4      | XOM: harmless Summ miscast
  2789 | D:4      | Found a hide-covered altar of Uskayaw.
  2797 | D:4      | XOM: 3-stop teleportation journey
  2805 | D:4      | Found a runed door.
  2873 | D:4      | Noticed Edmund
  2874 | D:4      | XOM: enchant monster (good)
  2888 | D:4      | Killed Edmund
  2888 | D:4      | Reached skill level 6 in Long Blades
  2944 | D:4      | XOM: god gift: wand of clouds (4)
  2954 | D:4      | Found an iron altar of Okawaru.
  2981 | D:4      | Found a staircase to the Ecumenical Temple.
  3095 | D:4      | XOM: god gift: 27 gold pieces
  3173 | D:4      | Noticed Crazy Yiuf
  3181 | D:4      | Killed Crazy Yiuf
  3181 | D:4      | Gained mutation: You are mostly covered in sharp spines. [demonic ancestry]
  3181 | D:4      | Reached XP level 7. HP: 42/56 MP: 7/7
  3274 | D:4      | XOM: noise
  3292 | D:5      | Entered Level 5 of the Dungeon
  3317 | D:5      | Reached skill level 1 in Stealth
  3327 | D:5      | XOM: divination: detect items
  3328 | D:5      | XOM: confusion
  3329 | D:5      | XOM: swap monsters
  3354 | D:5      | Reached skill level 7 in Long Blades
  3403 | D:5      | XOM: cloud trail
  3528 | D:5      | XOM: give mutations
  3528 | D:5      | Gained mutation: You have sharp fingernails. [Xom's grace]
  3528 | D:5      | Gained mutation: You evolve. [Xom's grace]
  3621 | D:5      | Found a shadowy altar of Dithmenos.
  3650 | D:5      | Gained mutation: You are agile. (Dex +2) [evolution]
  3727 | D:5      | Reached XP level 8. HP: 48/62 MP: 8/8
  3810 | D:5      | Got a steaming leather armour
  3977 | D:5      | Found Aniyzxeh's Jewellery Shop.
  3985 | D:5      | Bought a +3 amulet of reflection for 172 gold pieces
  3987 | D:5      | Identified the +2 leather armour of the Failed Coup {rPois rF+ Regen+ Stlth+} (You found it on level 5 of the Dungeon)
  4102 | D:5      | XOM: harmless Necr miscast
  4120 | D:6      | Lost mutation: You are agile. (Dex +2) [potion of mutation]
  4120 | D:6      | Lost mutation: You are dopey. (Int -2) [potion of mutation]
  4120 | D:6      | Gained mutation: You tend to lose your temper in combat. [potion of mutation]
  4120 | D:6      | Gained mutation: You have razor-sharp toenails. [potion of mutation]
  4120 | D:6      | Lost mutation: You have razor-sharp toenails. [potion of mutation]
  4120 | D:6      | Gained mutation: You have razor-sharp toenails. [potion of mutation]
  4121 | D:6      | Lost mutation: You evolve. [potion of mutation]
  4121 | D:6      | Lost mutation: You have supernaturally acute eyesight. (SInv) [potion of mutation]
  4121 | D:6      | Lost mutation: You tend to lose your temper in combat. [potion of mutation]
  4121 | D:6      | Lost mutation: Potions are less effective at restoring your health. [potion of mutation]
  4121 | D:6      | Gained mutation: You evolve. [potion of mutation]
  4156 | D:6      | Found a stormy altar of Qazlal.
  4156 | D:6      | XOM: 6-stop teleportation journey
  4390 | D:6      | Reached skill level 8 in Long Blades
  4475 | D:6      | Noticed Eustachio
  4483 | D:6      | XOM: enchant monster (bad)
  4510 | D:6      | XOM: noise
  4515 | D:6      | Killed Eustachio
  4579 | D:6      | XOM: 3-stop teleportation journey
  4605 | D:6      | XOM: potion effect (haste)
  4607 | D:6      | XOM: summons friendly iron imp
  4910 | D:6      | Reached skill level 9 in Long Blades
  5114 | D:7      | XOM: smoke on damage
  5130 | D:7      | XOM: cast spell 'Disjunction'
  5146 | D:7      | Mutation became permanent: You have sharp toenails. [demonic ancestry]
  5146 | D:7      | Gained mutation: You have razor-sharp toenails. [demonic ancestry]
  5146 | D:7      | Reached XP level 9. HP: 56/69 MP: 9/9
  5147 | D:7      | XOM: confusion
  5221 | D:7      | Reached skill level 10 in Long Blades
  5268 | D:7      | XOM: cloud trail
  5378 | D:7      | XOM: smoke on damage
  5575 | D:7      | Found Meicrydgh's Magic Scroll Boutique.
  5596 | D:7      | Bought a scroll of enchant armour for 97 gold pieces
  5596 | D:7      | Bought a scroll of enchant armour for 97 gold pieces
  5657 | D:7      | Lost mutation: You have razor-sharp toenails. [evolution]
  5886 | D:8      | XOM: cleaving
  5891 | D:8      | Gained mutation: You have razor-sharp toenails. [demonic ancestry]
  5891 | D:8      | Reached XP level 10. HP: 69/77 MP: 11/11
  5983 | D:8      | XOM: divination: magic mapping
  6129 | D:8      | XOM: confuse monster(s)
  6149 | D:8      | Reached skill level 11 in Long Blades
  6202 | D:8      | XOM: fog
  6220 | D:8      | Noticed a two-headed ogre
  6246 | D:8      | XOM: cast spell 'Alistair's Intoxication'
  6247 | D:8      | XOM: potion effect (agility)
  6261 | D:8      | XOM: divination: detect creatures
  6266 | D:8      | Killed a two-headed ogre
  6720 | D:8      | XOM: harmless Ice miscast
  6897 | D:9      | XOM: mild Fire miscast
  7166 | D:9      | Noticed a two-headed ogre
  7168 | D:9      | XOM: scenery: create altars
  7184 | D:9      | Found an opulent altar of Gozag.
  7202 | D:8      | Killed a two-headed ogre
  7202 | D:8      | Reached skill level 12 in Long Blades
  7202 | D:8      | Reached skill level 5 in Stealth
  7296 | D:9      | Found Zaewosul's Armour Shoppe.
  7342 | D:9      | Found Nyulolof's Antique Weapon Shop.
  7377 | D:9      | Found Qeck's Book Boutique.
  7442 | D:9      | Found a staircase to the Lair.
  7474 | D:9      | XOM: cast spell 'Metabolic Englaciation'
  7480 | D:9      | XOM: cast spell 'Metabolic Englaciation'
  7486 | D:9      | XOM: confusion (+ monsters)
  7500 | D:9      | XOM: confusion
  7520 | D:9      | XOM: enchant monster (good)
  7579 | D:9      | XOM: mild Summ miscast
  7678 | D:9      | XOM: give mutation
  7678 | D:9      | Gained mutation: You are frail. (-10% HP) [Xom's mischief]
  7684 | D:9      | Noticed Joseph
  7685 | D:9      | Noticed Pikel
  7713 | D:9      | XOM: chaos cloud
  7715 | D:9      | Killed Pikel
  7747 | D:9      | XOM: chaos upgrade
  7753 | D:9      | Killed Joseph
  7844 | D:9      | Found Ykurghur's Gadget Boutique.
  7862 | D:9      | Found an ornate altar of the Wu Jian Council.
  7862 | D:9      | Found a sacrificial altar of Ru.
  7862 | D:9      | Found an ancient bone altar of Kikubaaqudgha.
  7932 | D:9      | Gained mutation: You have claws for feet. [demonic ancestry]
  7932 | D:9      | Reached XP level 11. HP: 61/76 MP: 12/12
  8161 | D:9      | XOM: give mutations
  8161 | D:9      | Gained mutation: You are very frail. (-20% HP) [Xom's mischief]
  8161 | D:9      | Gained mutation: Armour fits poorly on your strangely shaped body. [Xom's mischief]
  8161 | D:9      | Lost mutation: You have sharp fingernails. [Xom's mischief]
  8161 | D:9      | Gained mutation: You are extremely frail. (-30% HP) [Xom's mischief]
  8394 | D:10     | Entered Level 10 of the Dungeon
  8415 | D:10     | XOM: fog
  8504 | D:9      | XOM: harmless Fire miscast
  8558 | D:9      | XOM: enchant monster (bad)
  8832 | D:9      | Lost mutation: You are extremely frail. (-30% HP) [potion of mutation]
  8832 | D:9      | Lost mutation: You evolve. [potion of mutation]
  8832 | D:9      | Gained mutation: Your flesh is heat resistant. (rF+) [potion of mutation]
  8832 | D:9      | Gained mutation: Your mind is acute. (Int +2) [potion of mutation]
  8918 | D:10     | XOM: swap monsters
  8920 | D:10     | XOM: summons friendly ufetubus
  8923 | D:10     | HP: 4/102 [killer bee (2)]
  8924 | D:10     | HP: 1/102 [poisoned by a killer bee]
  8925 | D:10     | Slain by a killer bee

Skill      XL: |  1  2  3  4  5  6  7  8  9 10 |
---------------+-------------------------------+-----
Fighting       | 4 5 6 7 |  7.8
Long Blades    | 4 5 6 7 9 10 12 | 12.5
Armour         | 5 |  5.7
Stealth        | 2 3 4 5 |  5.8
Dodging        | |  0.8
Evocations     | |  0.1

Action                   |  1- 3 |  4- 6 |  7- 9 | 10-12 || total
-------------------------+-------+-------+-------+-------++-------
Melee: Falchion          |    98 |   114 |   302 |   373 ||   887
       Kick              |       |    19 |       |    26 ||    45
Evoke: Wand              |       |       |     1 |     4 ||     5
  Use: Scroll            |       |     8 |     8 |     4 ||    20
       Potion            |       |     5 |     8 |    16 ||    29
 Stab: Sleeping          |       |     1 |     6 |     9 ||    16
       Paralysed         |       |    11 |     5 |       ||    16
       Petrified         |       |       |       |    11 ||    11
       Confused          |       |       |       |     1 ||     1
  Eat: Chunk             |     2 |     5 |     8 |     1 ||    16
       Ration            |       |       |     1 |     2 ||     3
Armor: Leather armour    |    57 |    38 |   146 |    66 ||   307
       Skin              |       |       |       |   229 ||   229
Dodge: Dodged            |    78 |    36 |   133 |   153 ||   400
       Deflected         |       |       |     2 |     6 ||     8
Block: Other             |       |       |    23 |    46 ||    69
       Reflection        |       |       |       |     1 ||     1
       Rpst.: Falchion   |    20 |    12 |    27 |    45 ||   104
